 Dungeon Crawl Stone Soup version 0.27.1-34-g3ba077fa99 (webtiles) character file.

Game seed: 10653302092186013717

2929 H0rd4k the Slicer (level 10, -1/76 HPs)
             Began as a Human Artificer on Jan 12, 2022.
             Slain by a goblin (7 damage)
             ... in a bailey on Jan 13, 2022.
             The game lasted 00:14:12 (10196 turns).

H0rd4k the Slicer (Human Artificer)                Turns: 10196, Time: 00:14:12

Health: -1/76      AC:  9    Str: 14    XL:     10   Next: 7%
Magic:  10/10      EV: 13    Int: 20    God:
Gold:   283        SH:  5    Dex: 13    Spells: 9/9 levels left

rFire    . . .     SeeInvis +   y - +5 short sword (elec)
rCold    + . .     Faith    .   (no shield)
rNeg     . . .     Spirit   .   F - +1 ring mail "Fyqemp" {Int+6}
rPois    .         Reflect  +   b - +0 helmet
rElec    .         Harm     .   (no cloak)
rCorr    .         Rampage  .   j - +0 pair of gloves
Will     .....                  G - +0 pair of boots
Stlth    +.........             v - amulet of reflection
HPRegen  0.22/turn              g - ring of protection from cold
MPRegen  0.12/turn              f - ring of see invisible

@: brilliant, about to teleport
A: no striking features
a: no special abilities


You were in a bailey.
You visited 2 branches of the dungeon, and saw 8 of its levels.
You also visited: Ossuary and Bailey.

You collected 283 gold pieces.

Inventory:

Hand Weapons
 a - a +1 dagger of venom
 y - a +5 short sword of electrocution (weapon)
 C - a +2 vorpal falchion
Armour
 b - a +0 helmet (worn)
 j - a +0 pair of gloves (worn)
 F - the +1 ring mail "Fyqemp" (worn) {Int+6}
   (You took it off a goblin on level 4 of the Dungeon)

   Int:       It affects your intelligence (+6).
 G - a +0 pair of boots (worn)
Jewellery
 f - a ring of see invisible (right hand)
 g - a ring of protection from cold (left hand)
 v - an amulet of reflection (around neck)
Wands
 t - a wand of acid (18)
 u - a wand of mindburst (3)
Scrolls
 c - a scroll of brand weapon {unknown}
 d - a scroll of teleportation
 h - 7 scrolls of identify {unknown}
 i - a scroll of enchant armour {unknown}
 p - a scroll of silence {unknown}
 r - a scroll of blinking {unknown}
 s - a scroll of noise {unknown}
 A - a scroll of immolation {unknown}
 E - a scroll of fog {unknown}
Potions
 k - a potion of cancellation
 l - a potion of haste
 m - a potion of ambrosia
 n - a potion of degeneration {unknown}
 o - a potion of berserk rage {unknown}
 q - a potion of brilliance
 x - a potion of attraction {unknown}
 z - a potion of invisibility {unknown}
 B - a potion of magic {unknown}
 D - a potion of might {unknown}
Miscellaneous
 e - a piece from Xom's chessboard (15/15)


   Skills:
 + Level 5.7 Fighting
 + Level 8.0 Short Blades
 + Level 0.5 Maces & Flails
 - Level 2.0 Armour
 + Level 6.2 Dodging
 - Level 1.0 Stealth
 + Level 0.5 Shields
 + Level 6.7 Evocations


You had 9 spell levels left.
You didn't know any spells.
Your spell library contained the following spells:

 Spells                   Type           Power      Damage    Failure   Level
 Static Discharge         Conj/Air       0%         N/A       50%         2
 Dispel Undead            Necr           0%         3d6       98%         4
 Sticky Flame             Conj/Fire      0%         2d3       98%         4


Dungeon Overview and Level Annotations

Branches:
Dungeon (7/15)             Temple (1/1) D:6         Ossuary (visited)
 Bailey (1/1)

Altars:
Ashenzari
Cheibriados
Elyvilon
Hepliaklqana
Kikubaaqudgha
Makhleb
Qazlal
Ru
Trog
Uskayaw
Vehumet
Xom
Zin
The Shining One

Shops:
D:2 (

Annotations:
D:2 1 runed translucent door, Crazy Yiuf


Message History

You feel strangely stable.
Your magical effects are unravelling.
You feel magically purged.
You feel yourself slow down. The gnoll hits you with a +0 hand axe.
* * * LOW HITPOINT WARNING * * *
The goblin closely misses you. The orc warrior misses you.
You block the gnoll's attack.
It was a potion of brilliance.
You feel clever all of a sudden. The gnoll barely misses you.
You block the goblin's attack. The orc warrior closely misses you.
You block the gnoll's attack.
You hit the gnoll. Lightning courses through the gnoll!
You kill the gnoll!
The orc warrior barely misses you. The gnoll closely misses you.
The goblin barely misses you.
You closely miss the hobgoblin. You hit the hobgoblin.
The hobgoblin is severely wounded.
You block the hobgoblin's attack. The orc warrior barely misses you.
The gnoll closely misses you. The goblin hits you with a +0 war axe.
* * * LOW HITPOINT WARNING * * *
You barely miss the hobgoblin.
The hobgoblin is severely wounded.
The hobgoblin hits you but does no damage.
The goblin hits you with a +0 war axe.
* * * LOW HITPOINT WARNING * * *
The orc warrior misses you. The gnoll hits you but does no damage.
You completely miss the hobgoblin.
The hobgoblin is severely wounded.
Okay, then.
As you read the scroll of teleportation, it crumbles to dust.
You feel strangely unstable. The hobgoblin closely misses you.
The goblin misses you. You block the orc warrior's attack.
The gnoll hits you with a +0 hand axe.
* * * LOW HITPOINT WARNING * * *
You puncture the hobgoblin!
You kill the hobgoblin!
The goblin hits you with a +0 war axe!
You die...

#+####
#.....#
g......
##o......
#@g......
#gg......
#
.g...⌠...
#
##........
#
#........
##.......
.......
#.....#


You could see an orc warrior, 2 gnolls, a hobgoblin and 2 goblins.

Vanquished Creatures
  Pikel (D:5)
  Eustachio (D:4)
  Menkaure (D:4)
  A water moccasin (D:7)
  A necrophage (D:5)
  An ice beast (D:7)
  2 ogres
  A centaur (D:6)
  2 lemures (D:5)
  2 bullfrogs (D:6)
  9 scorpions
  A wyvern zombie (D:4)
  A water moccasin zombie (D:5)
  A water moccasin skeleton (D:4)
  3 wights (D:6)
  A howler monkey (D:6)
  A centaur zombie (D:6)
  2 jellies
  A centaur skeleton (D:6)
  2 hounds (D:5)
  An iguana (D:6)
  Ijyb (D:3)
  Natasha (thrice) (D:2)
  3 scorpion zombies (Ossuary)
  3 mummies (Ossuary)
  9 gnolls
  9 adders
  2 shadow imps
  2 white imps (D:6)
  An ufetubus (D:6)
  A worm (D:4)
  2 dart slugs
  5 orcs
  7 ball pythons
  6 bats
  6 endoplasms
  2 giant cockroaches
  11 hobgoblins
  A jackal (D:4)
  8 quokkas
  2 frilled lizards
  15 goblins
  2 goblin zombies (Ossuary)
  4 hobgoblin zombies (Ossuary)
  5 kobolds
  3 rats
149 creatures vanquished.

Vanquished Creatures (others)
  A scorpion (Ossuary)
  A centaur zombie (Ossuary)
  3 scorpion zombies (Ossuary)
  A kobold zombie (Ossuary)
  An orc zombie (Ossuary)
  2 fungi (D:2)
9 creatures vanquished.

Grand Total: 158 creatures vanquished

Notes
Turn   | Place    | Note
-------+----------+-------------------------------------------
     0 | D:1      | H0rd4k the Human Artificer began the quest for the Orb.
     0 | D:1      | Reached XP level 1. HP: 15/15 MP: 1/1
   694 | D:1      | Reached XP level 2. HP: 18/21 MP: 2/2
  1370 | D:2      | Noticed Natasha
  1382 | D:3      | Found a broken altar of Ashenzari.
  1701 | D:3      | Reached XP level 3. HP: 25/26 MP: 3/3
  1864 | D:4      | Found an ancient bone altar of Kikubaaqudgha.
  1944 | D:4      | Found a sand-covered staircase.
  1954 | Ossuary  | Entered an ossuary
  1960 | Ossuary  | Noticed a scorpion
  1977 | Ossuary  | Killed a scorpion
  1978 | Ossuary  | Reached XP level 4. HP: 12/32 MP: 4/4
  2240 | Ossuary  | Noticed a scorpion
  2251 | Ossuary  | Killed a scorpion
  2252 | Ossuary  | Reached skill level 1 in Short Blades
  2252 | Ossuary  | Reached skill level 5 in Evocations
  2252 | Ossuary  | Reached XP level 5. HP: 14/37 MP: 5/5
  2541 | Ossuary  | Reached XP level 6. HP: 9/44 MP: 6/6
  3607 | Ossuary  | Reached skill level 2 in Short Blades
  3882 | Ossuary  | Reached XP level 7. HP: 18/51 MP: 7/7
  4349 | Ossuary  | Reached skill level 3 in Short Blades
  4806 | D:3      | Noticed Ijyb
  4842 | D:3      | Killed Ijyb
  5091 | D:3      | Found a shimmering altar of Xom.
  5428 | D:2      | Found a faded altar of an unknown god.
  5527 | D:2      | Found a runed translucent door.
  5528 | D:2      | Noticed Crazy Yiuf
  5617 | D:2      | Found Wulihum's Weapon Emporium.
  5660 | D:2      | Killed Natasha
  5720 | D:2      | Noticed Natasha
  5738 | D:2      | Killed Natasha
  5744 | D:2      | Noticed Natasha
  5771 | D:2      | Killed Natasha
  5772 | D:2      | Reached XP level 8. HP: 28/58 MP: 8/8
  6417 | D:4      | Reached skill level 4 in Short Blades
  6467 | D:4      | Noticed Eustachio
  6470 | D:4      | Killed Eustachio
  6510 | D:4      | Noticed Menkaure
  6519 | D:4      | Killed Menkaure
  6866 | D:4      | Reached skill level 5 in Short Blades
  7271 | D:4      | Identified the +1 ring mail "Fyqemp" {Int+6}
  7316 | D:5      | Entered Level 5 of the Dungeon
  7406 | D:5      | Reached XP level 9. HP: 52/66 MP: 9/9
  7688 | D:5      | Noticed Pikel
  7809 | D:5      | Killed Pikel
  7810 | D:5      | Reached skill level 5 in Fighting
  7810 | D:5      | Reached skill level 6 in Short Blades
  7810 | D:5      | Reached skill level 5 in Dodging
  8419 | D:5      | Identified the +0 short sword "Ledeox" {freeze, Will+}
  8918 | D:6      | Reached skill level 7 in Short Blades
  9517 | D:6      | Found a bloodstained altar of Trog.
  9692 | D:6      | Found a staircase to the Ecumenical Temple.
  9816 | Temple   | Entered the Ecumenical Temple
  9932 | D:7      | Reached XP level 10. HP: 47/75 MP: 10/10
 10142 | D:7      | Found a flagged portal.
 10149 | D:7      | Reached skill level 8 in Short Blades
 10160 | Bailey   | Entered a bailey
 10196 | Bailey   | Slain by a goblin

Illustrated notes

Levels and vault maps discovered:
D:1:      matt_arrival_spirals, layout_rooms, minmay_box_of_dots
D:2:      layout_rooms, serial_shops, nicolae_shop_waterfront,
          shapermc_ecumenical_altar_pompeii, minmay_goblin_outpost,
          uniq_natasha, uniq_crazy_yiuf_cottage
D:3:      kennysheep_the_goblin_king, layout_loops_cross,
          mainiacjoe_overflow_tiny_flanked, lemuel_crystal_altar
D:4:      layout_loops_ring, general_overflow_altar, nicolae_ossuary_entry_plus,
          hangedman_decor_peaks_small, minmay_close_crescents, uniq_menkaure,
          uniq_eustachio
D:5:      layout_basic, nicolae_sextant, uniq_pikel
D:6:      layout_loops_ring, nicolae_overflow_crystal_walls, temple_green
D:7:      layout_loops_cross, fedhas_altar_2, lemuel_coloured_pillars_altar,
          gammafunk_ghost_grave, enter_bailey_2,
          hangedman_abyss_or_decor_jellyfish_corner
Temple:   eino_wide_crystal_templ
Bailey:   bailey_axe_minmay_hex_keep, bailey

Skill      XL: |  1  2  3  4  5  6  7  8  9 10 |
---------------+-------------------------------+-----
Evocations     | 4 5 6 |  6.7
Short Blades   | 1 2 3 5 7 8 |  8.0
Fighting       | 2 3 4 5 |  5.7
Dodging        | 2 3 4 6 |  6.2
Maces & Flails | |  0.5
Armour         | |  2.0
Stealth        | |  1.0
Shields        | |  0.5

Action                   |  1- 3 |  4- 6 |  7- 9 | 10-12 || total
-------------------------+-------+-------+-------+-------++-------
Melee: Club              |    33 |       |       |       ||    33
       Dagger            |    34 |    87 |   320 |       ||   441
       Whip              |     4 |       |       |       ||     4
       Short sword       |       |       |   145 |    35 ||   180
Evoke: Wand              |     5 |    19 |    13 |     1 ||    38
       Piece from Xom's  |       |       |     3 |       ||     3
  Use: Potion            |       |       |     1 |     4 ||     5
       Scroll            |       |       |       |     7 ||     7
 Stab: Sleeping          |     2 |       |     4 |       ||     6
       Distracted        |     1 |       |     1 |       ||     2
       Petrified         |       |       |     5 |       ||     5
Armor: Leather armour    |    25 |     7 |    48 |       ||    80
       Ring mail         |       |       |    34 |    16 ||    50
Dodge: Dodged            |    44 |    35 |   213 |    36 ||   328
Block: Other             |       |       |    10 |    16 ||    26
